 Dungeon Crawl Stone Soup version 0.31-a0-182-gc5ef74bbde (webtiles) character file.

Game seed: 4536399439910340611

3991 rabbitsville the Cleaver (level 10, -8/94 HPs)
             Began as a Hill Orc Monk on June 21, 2023.
             Was a Priest of Makhleb.
             Mangled by a two-headed ogre
             ... wielding a +0 giant club
              (9 damage)
             ... on level 9 of the Dungeon.
             The game lasted 00:24:59 (7066 turns).

rabbitsville the Cleaver (Hill Orc Monk)            Turns: 7066, Time: 00:25:00

Health: -8/94      AC: 13    Str: 19    XL:     10   Next: 23%
Magic:  17/17      EV:  6    Int: 10    God:    Makhleb [***...]
Gold:   306        SH:  5    Dex: 13    Spells: 9/9 levels left

rFire   . . .        K - +0 war axe (freeze)
rCold   . . .        d - orb {light}
rNeg    + . .        I - +0 plate armour
rPois   .            (no helmet)
rElec   .            F - +0 cloak
rCorr   .            G - +0 pair of gloves
SInv    .            B - +0 pair of boots
Will    .....        o - amulet of reflection Stlth
                     (no ring)
HPRegen 0.35/turn    t - ring of positive energy
MPRegen 0.15/turn

%: reflection
@: mesmerised, glowing
A: no striking features
a: Renounce Religion, Minor Destruction, Lesser Servant of Makhleb


You were on level 9 of the Dungeon.
You worshipped Makhleb.
Makhleb was most pleased with you.
You visited 1 branch of the dungeon, and saw 9 of its levels.

You collected 475 gold pieces.
You spent 169 gold pieces at shops.

Inventory:

Hand Weapons
 a - a +0 hand axe
 e - a +2 whip of venom
 y - a +0 hand axe of electrocution
 E - a +2 vampiric hand axe
 K - a +0 war axe of freezing (weapon)
Armour
 b - a +0 robe
 d - an orb of light (worn)
 s - a +0 ring mail
 B - a +0 pair of boots (worn)
 F - a +0 cloak (worn)
 G - a +0 pair of gloves (worn)
 I - a +0 plate armour (worn)
Jewellery
 h - a ring of fire
 m - a ring of wizardry
 o - an amulet of reflection (around neck)
 t - a ring of positive energy (right hand)
Wands
 H - a wand of digging (8)
 L - a wand of mindburst (7)
Scrolls
 k - a scroll of poison {unknown}
 l - 2 scrolls of fear {unknown}
 n - a scroll of enchant weapon {unknown}
 q - 4 scrolls of teleportation
 r - 5 scrolls of vulnerability
 u - 2 scrolls of immolation {unknown}
 v - a scroll of summoning {unknown}
 x - 3 scrolls of identify
 D - 2 scrolls of enchant armour {unknown}
 J - a scroll of revelation {unknown}
Potions
 c - a potion of ambrosia
 f - a potion of haste {unknown}
 g - 2 potions of heal wounds
 i - a potion of mutation {unknown}
 j - 2 potions of brilliance {unknown}
 p - 4 potions of degeneration
 w - 6 potions of curing
 z - a potion of attraction {unknown}
 A - 2 potions of cancellation {unknown}
 C - 2 potions of invisibility {unknown}
 M - a potion of lignification {unknown}


   Skills:
 + Level 10.9 Fighting
 + Level 11.7 Axes
 - Level 2.7 Dodging
 + Level 10.1 Invocations


You had 9 spell levels left.
You didn't know any spells.
Your spell library contained the following spells:

 Spells                   Type           Power      Damage    Failure   Level
 Shock                    Conj/Air       0%         1d3       100%        1
 Summon Small Mammal      Summ           0%         N/A       100%        1
 Cigotuvi's Dreadful Rot  Necr/Pois/Air  0%         N/A       100%        2
 Call Canine Familiar     Summ           0%         N/A       100%        3
 Dazzling Flash           Conj/Hex       0%         N/A       100%        3
 Ignite Poison            Fire/Tmut/Pois 0%         N/A       100%        3
 Summon Guardian Golem    Hex/Summ       0%         N/A       100%        3
 Swiftness                Air            0%         N/A       100%        3
 Airstrike                Air            0%         2d(0-16)  100%        4
 Petrify                  Tmut/Erth      0%         N/A       100%        4
 Agony                    Necr           0%         N/A       100%        5
 Fireball                 Conj/Fire      0%         3d3       100%        5
 Freezing Cloud           Conj/Ice/Air   0%         6-21      100%        5
 Iskenderun's Battlesphe  Conj           0%         2d6       100%        5
 Metabolic Englaciation   Hex/Ice        0%         N/A       100%        5
 Silence                  Hex/Air        0%         N/A       100%        5
 Conjure Ball Lightning   Conj/Air       0%         3x3d6     100%        6
 Statue Form              Tmut/Erth      0%         N/A       100%        6
 Orb of Destruction       Conj           0%         9d5       100%        7


Dungeon Overview and Level Annotations

Branches:
Dungeon (9/15)             Temple (0/1) D:4
   Lair: D:8-11         Orc: D:9-12

Altars:
Cheibriados
Elyvilon
Gozag
Kikubaaqudgha
Makhleb
Ru
Sif Muna
Yredelemnul
Zin
The Shining One

Shops:
D:4 *   D:7 (

Annotations:
D:6 1 runed translucent door, Maxmaps's ghost, novice DsHs
D:9 Maggie


Message History

Press: ? - help, Dir - move target, f/p - two-headed ogre
Aim: a two-headed ogre, wielding two +0 giant clubs (severely wounded, haloed, about 6% to evade your +0 war axe of freezing)
You slash the two-headed ogre! You freeze the two-headed ogre.
The two-headed ogre is almost dead.
You hit the yak. You freeze the yak. Maggie casts a spell at you.
The bolt of fire hits you!! The yak gores you but does no damage.
Cleave: K) +0 war axe (freeze)
Press: ? - help, Dir - move target, f/p - two-headed ogre
Aim: a two-headed ogre, wielding two +0 giant clubs (almost dead, haloed, about 6% to evade your +0 war axe of freezing)
You hit the two-headed ogre. You freeze the two-headed ogre.
The two-headed ogre is almost dead.
You hit the yak. You freeze the yak. You slash the yak! You freeze the yak.
The yak gores you!
* * * LOW HITPOINT WARNING * * *
You block the two-headed ogre's attack.
The two-headed ogre hits you but does no damage.
The yak gores you but does no damage.
Cleave: K) +0 war axe (freeze)
Press: ? - help, Dir - move target, f/p - two-headed ogre
Aim: a two-headed ogre, wielding two +0 giant clubs (almost dead, haloed, about 6% to evade your +0 war axe of freezing)
You hit the two-headed ogre but do no damage.
The two-headed ogre is almost dead.
You hit the yak. You freeze the yak. You slash the yak! You freeze the yak.
The yak gores you!
* * * LOW HITPOINT WARNING * * *
The yak gores you but does no damage.
The two-headed ogre hits you with a +0 giant club!
* * * LOW HITPOINT WARNING * * *
The two-headed ogre barely misses you.
You feel much better. The yak gores you.
* * * LOW HITPOINT WARNING * * *
Maggie barely misses you. The yak gores you but does no damage.
A demon appears!
Maggie hits you from afar with a +0 glaive!
* * * LOW HITPOINT WARNING * * *
The yak gores you.
* * * LOW HITPOINT WARNING * * *
The two-headed ogre hits you with a +0 giant club!
You die...

..........
........
#......#
......## #.#....
##..<.##
#..)O4.#
#..@Y..#
#@.YYY.#
....)..#...#
...........§§§
.....######.§§..
..... .§§§§ ....
#§§§ .... #.. #.


You could see Maggie (mesmerising), a two-headed ogre (ally target), 4 yaks and
a friendly hellwing (summoned).

Vanquished Creatures
  6 yaks (D:8)
  2 water moccasins
  2 sky beasts (D:6)
  2 orc warriors
  3 ice beasts
  3 centaurs
  An ogre (D:4)
  A phantom (D:7)
  A kobold brigand (D:7)
  3 bullfrogs
  2 scorpions (D:4)
  5 wights (D:8)
  8 killer bees (D:8)
  2 howler monkeys
  2 electric eels (D:6)
  2 orc priests
  2 hounds
  4 jellies
  5 iguanas
  7 orc wizards
  5 gnolls
  4 adders
  A white imp (D:8)
  6 worms
  3 dart slugs
  13 orcs
  2 bats
  6 endoplasms
  2 giant cockroaches
  9 hobgoblins
  2 jackals (D:3)
  12 kobolds
  3 quokkas
  5 ball pythons
  A frilled lizard (D:2)
  7 goblins
  6 rats
150 creatures vanquished.

Notes
Turn   | Place    | Note
-------+----------+-------------------------------------------
     0 | D:1      | rabbitsville the Hill Orc Monk began the quest for the Orb.
     0 | D:1      | Reached XP level 1. HP: 19/19 MP: 1/1
   174 | D:1      | Reached XP level 2. HP: 24/27 MP: 2/2
   438 | D:1      | Reached XP level 3. HP: 33/33 MP: 3/3
   605 | D:1      | Found a faded altar of an unknown god.
  1040 | D:2      | Reached skill level 5 in Axes
  1043 | D:2      | Reached XP level 4. HP: 40/41 MP: 4/4
  1297 | D:2      | Reached skill level 5 in Fighting
  1814 | D:3      | Reached XP level 5. HP: 48/48 MP: 5/5
  2064 | D:3      | Found a snail-covered altar of Cheibriados.
  2064 | D:3      | Found a burning altar of Makhleb.
  2065 | D:3      | Found a basalt altar of Yredelemnul.
  2082 | D:3      | Reached skill level 6 in Axes
  2087 | D:3      | Became a worshipper of Makhleb the Destroyer
  2087 | D:3      | Reached * piety under Makhleb
  2087 | D:3      | Reached ** piety under Makhleb
  2452 | D:4      | Found Gozag's Platinum Reserve.
  2537 | D:4      | Reached skill level 1 in Invocations
  2753 | D:4      | Noticed an ogre
  2759 | D:4      | Killed an ogre
  2760 | D:4      | Reached XP level 6. HP: 48/57 MP: 7/7
  2994 | D:4      | Reached skill level 7 in Axes
  2994 | D:4      | Reached XP level 7. HP: 57/64 MP: 9/9
  3325 | D:4      | Found a staircase to the Ecumenical Temple.
  3484 | D:4      | Found an opulent altar of Gozag.
  3681 | D:5      | Entered Level 5 of the Dungeon
  4059 | D:5      | Found a white marble altar of Elyvilon.
  4062 | D:5      | Found a sacrificial altar of Ru.
  4075 | D:5      | Found a glowing silver altar of Zin.
  4156 | D:5      | Found an ancient bone altar of Kikubaaqudgha.
  4334 | D:6      | Reached skill level 8 in Axes
  4448 | D:6      | Reached skill level 5 in Invocations
  4448 | D:6      | Reached XP level 8. HP: 69/73 MP: 11/11
  4731 | D:6      | Found a runed translucent door.
  4734 | D:6      | Noticed Maxmaps's ghost (novice DsHs)
  5070 | D:6      | Reached skill level 9 in Axes
  5332 | D:7      | Reached *** piety under Makhleb
  5405 | D:7      | Reached XP level 9. HP: 82/82 MP: 14/14
  5494 | D:7      | Reached skill level 10 in Axes
  5517 | D:7      | Found Bum Obipt's Antique Weapon Emporium.
  5531 | D:7      | Bought a glowing war axe for 169 gold pieces
  6430 | D:8      | Found a glowing golden altar of the Shining One.
  6499 | D:8      | Reached skill level 10 in Fighting
  6605 | D:8      | Reached skill level 11 in Axes
  6616 | D:8      | Reached XP level 10. HP: 63/94 MP: 15/17
  6893 | D:8      | Found a shimmering blue altar of Sif Muna.
  7051 | D:8      | Reached skill level 10 in Invocations
  7053 | D:9      | Noticed a two-headed ogre
  7055 | D:9      | Noticed Maggie
  7064 | D:9      | HP: 4/94 [two-headed ogre/+0 giant club (11)]
  7066 | D:9      | HP: 1/94 [yak (4)]
  7066 | D:9      | Mangled by a two-headed ogre

Illustrated notes

Levels and vault maps discovered:
D:1:      dpeg_arrival_oval, layout_loops_ring,
          shapermc_ecumenical_altar_acropolis
D:2:      layout_rooms, nicolae_wormholes
D:3:      layout_rooms, gammafunk_temple_overflow_forgotten
D:4:      layout_loops_corners, nicolae_gozag_zags_fifth_avenue, temple_statues,
          serial_aquarium, aquarium_bridge_square [aquarium_subvault_bridge,
          aquarium_subvault_bridge, aquarium_subvault_window,
          aquarium_subvault_window], aquarium_window_fake, aquarium_window_2,
          aquarium_window_2, aquarium_window_1, aquarium_view_2f,
          aquarium_pool_double
D:5:      layout_rooms, grunt_temple_overflow_cloverleaf
D:6:      layout_cave_pools, ebering_ghost_reflecting_pool,
          serial_bayou_lagoon_a, minivault_4, grunt_ministairs_15
D:7:      layout_rooms, serial_shops, shop
D:8:      layout_loops_cross, amcnicky_altar_gilded,
          mainiacjoe_overflow_chevrons
D:9:      layout_rooms, nicolae_dithmenos_the_darkroom, columned_hall_lemuel,
          uniq_maggie

Skill      XL: |  1  2  3  4  5  6  7  8  9 10 |
---------------+-------------------------------+-----
Fighting       | 4 5 6 7 8 10 | 10.9
Axes           | 5 6 7 8 9 11 | 11.7
Invocations    | 2 3 5 7 9 10 | 10.1
Dodging        | |  2.7

Action                     |  1- 3 |  4- 6 |  7- 9 | 10-12 || total
---------------------------+-------+-------+-------+-------++-------
  Melee: Hand axe          |    25 |    25 |   160 |       ||   210
         Whip              |    44 |   103 |       |       ||   147
         War axe           |       |       |    56 |    28 ||    84
 Invoke: Minor Destruction |       |     4 |   109 |     2 ||   115
         Lesser Servant of |       |       |       |     1 ||     1
    Use: Potion            |     1 |       |       |     1 ||     2
         Scroll            |       |       |       |     4 ||     4
 Armour: Robe              |     3 |     6 |       |       ||     9
         Ring mail         |       |    18 |    27 |       ||    45
         Plate armour      |       |       |    59 |    27 ||    86
  Dodge: Dodged            |    46 |    58 |    82 |    11 ||   197
  Block: Orb               |     5 |    28 |    42 |     9 ||    84
         Reflection        |       |     1 |     1 |     4 ||     6

Table legend: (Time is in decaauts)
 A = Elapsed time spent in this place.
 B = Non-inter-level travel time spent in this place.
 C = Inter-level travel time spent in this place.
 D = Time resting spent in this place.
 E = Time spent auto-exploring this place.
 F = Levels seen in this place.
 G = Mean time per level.
                   A        B        C        D        E       F      G
               +--------+--------+--------+--------+--------+-----+--------+
         Total |   7053 |   6775 |    278 |    318 |   4636 |   9 |  783.7 |
       Dungeon |   7053 |   6775 |    278 |    318 |   4636 |   9 |  783.7 |
               +--------+--------+--------+--------+--------+-----+--------+

Top non-repeatable levels by time:
     D:4: 1274 daAuts
     D:8: 1201 daAuts
     D:6: 996 daAuts
     D:1: 992 daAuts
     D:2: 816 daAuts
     D:5: 633 daAuts
     D:3: 591 daAuts
     D:7: 529 daAuts
     D:9: 18 daAuts
